 Dungeon Crawl Stone Soup version 0.28-a0-1080-g05a166d0ed (webtiles) character file.

Game seed: 1287153871431124818

4247 siradein the Slasher (level 10, -19/76 HPs)
             Began as a Vampire Fighter on Dec 9, 2021.
             Killed from afar by a gargoyle (22 damage)
             ... with a stone arrow
             ... on level 7 of the Dungeon.
             The game lasted 00:24:13 (8788 turns).

siradein the Slasher (Vampire Fighter)              Turns: 8788, Time: 00:24:14

Health: -19/76     AC: 15    Str: 17    XL:     10   Next: 9%
Magic:  10/10      EV:  7    Int: 11    God:
Gold:   617        SH:  6    Dex: 16    Spells: 9/9 levels left

rFire   . . .      SeeInvis +   n - +0 scimitar
rCold   . . .      Faith    .   c - +0 buckler
rNeg    . . .      Spirit   .   a - +0 plate armour
rPois   .          Reflect  .   (no helmet)
rElec   .          Harm     .   (no cloak)
rCorr   .          Rampage  .   A - +0 pair of gloves
Will    ++...                   w - +0 pair of boots
Stlth   ..........              E - amulet of regeneration
HPRegen 1.22/turn               D - ring of willpower
MPRegen 0.12/turn               (no ring)

@: healing quickly
A: alive, fangs 3, see invisible, vampiric 2
a: Exsanguinate


You were on level 7 of the Dungeon.
You visited 1 branch of the dungeon, and saw 8 of its levels.
You also visited: Ossuary.

You collected 617 gold pieces.

Inventory:

Hand Weapons
 b - a +1 dagger of venom
 n - a +0 scimitar (weapon)
Missiles
 p - 29 poisoned darts (quivered)
Armour
 a - a +0 plate armour (worn)
 c - a +0 buckler (worn)
 w - a +0 pair of boots (worn)
 A - a +0 pair of gloves (worn)
Jewellery
 D - a ring of willpower (left hand)
 E - an amulet of regeneration (around neck)
Wands
 m - a wand of flame (29)
 t - a wand of charming (6)
 y - a wand of digging (6)
Scrolls
 e - 2 scrolls of brand weapon
 f - 6 scrolls of amnesia
 g - 3 scrolls of magic mapping
 h - a scroll of noise {unknown}
 j - a scroll of enchant weapon {unknown}
 k - 2 scrolls of identify
 q - a scroll of holy word {unknown}
 s - 2 scrolls of blinking {unknown}
 u - a scroll of immolation {unknown}
 v - 2 scrolls of teleportation {unknown}
 B - a scroll of fear {unknown}
 F - a scroll of acquirement {unknown}
Potions
 d - 5 potions of might
 i - a potion of heal wounds
 l - a potion of berserk rage
 o - 4 potions of curing
 r - 5 potions of flight
 x - a potion of haste
 z - a potion of brilliance {unknown}
 C - a potion of magic
 G - 3 potions of mutation
 H - 2 potions of lignification


   Skills:
 + Level 6.1 Fighting
 + Level 6.4 Long Blades
 + Level 5.6 Armour
 + Level 6.4 Dodging
 + Level 6.2 Shields
 + Level 4.9 Evocations


You had 9 spell levels left.
You didn't know any spells.
Your spell library contained the following spells:

 Spells                   Type           Power      Damage    Failure   Level
 Ozocubu's Armour         Ice            0%         N/A       100%        3
 Iskenderun's Battlesphe  Conj           0%         2d6       100%        5
 Iron Shot                Conj/Erth      0%         9d1       100%        6
 Ozocubu's Refrigeration  Ice            0%         4d5       100%        7
 Spellforged Servitor     Conj/Summ      0%         N/A       100%        7


Dungeon Overview and Level Annotations

Branches:
Dungeon (8/15)            Ossuary (visited)
 Temple: D:4-7         Lair: D:8-11

Altars:
Cheibriados
Fedhas
Gozag
Qazlal
Ru
Trog


Innate Abilities, Weirdness & Mutations

Your natural rate of healing is accelerated.
You have razor-sharp teeth.
You have supernaturally acute eyesight. (SInv)
You are afflicted with vampirism and can become a bat while bloodless.


Message History

The gargoyle is heavily damaged.
The gargoyle closely misses you.
You barely miss the gargoyle. Your bite misses the gargoyle.
The gargoyle is heavily damaged.
The gargoyle barely misses you.
You barely miss the gargoyle.
The gargoyle is heavily damaged.
The gargoyle closely misses you.
You hit the gargoyle.
The gargoyle is severely damaged.
The gargoyle hurls a stone arrow at you.
The stone arrow hits you.
You barely miss the gargoyle.
The gargoyle is severely damaged.
The gargoyle hits you with a +0 flail!
* * * LOW HITPOINT WARNING * * *
You hit the gargoyle but do no damage.
The gargoyle is severely damaged.
The gargoyle closely misses you.
You closely miss the gargoyle.
You bite the gargoyle, but do no damage.
The gargoyle is severely damaged.
The gargoyle hits you with a +0 flail!
* * * LOW HITPOINT WARNING * * *
You hit the gargoyle but do no damage.
The gargoyle is severely damaged.
The gargoyle hurls a stone arrow at you.
The stone arrow misses you.
You hit the gargoyle.
The gargoyle is severely damaged.
The gargoyle hits you with a +0 flail!
* * * LOW HITPOINT WARNING * * *
The gargoyle hurls a stone arrow at you.
The stone arrow hits you!
* * * LOW HITPOINT WARNING * * *
You hit the gargoyle but do no damage.
The gargoyle is severely damaged.
The gargoyle hurls a stone arrow at you.
The stone arrow hits you!!
You die...

#.####....###.......#
####.#.................#
..##.#.##...####.......####
.........................>#
#.##.#.##...####.......##)#
#.##.#.....#####.......##.#
#.#....##..............##.#
#(#..#.##..............##9#
.....#.##.......@......##.#
.....#.........9#####..##.#
.....##..........## ##.##.#
.....##...........####..#.#
####)##....#..#)......#...#
#.##....#..#.......#...#
####.##....#.####...####..#
...#.##....#..#.......#...#
..<#.##....#..#...#..^#...#


You could see a gargoyle.

Vanquished Creatures
  A centaur zombie (D:5)
  A wraith (D:7)
  Eustachio (D:6)
  2 necrophages
  5 orc warriors
  2 sky beasts
  6 ogres
  4 centaurs
  2 phantoms
  A kobold brigand (D:6)
  A bullfrog (D:7)
  A scorpion (D:4)
  A water moccasin zombie (D:4)
  4 killer bees (D:7)
  8 wights (D:7)
  3 howler monkeys (D:7)
  3 hounds
  4 orc priests
  3 gnoll shamans
  2 bullfrog skeletons
  Natasha (thrice) (D:2)
  A human zombie (Ossuary)
  An iguana (D:4)
  3 orc wizards
  A hound zombie (Ossuary)
  4 mummies (Ossuary)
  7 adders
  10 gnolls
  2 white imps
  An ufetubus (D:7)
  An adder zombie (Ossuary)
  3 adder skeletons (D:4)
  A worm (D:2)
  3 dart slugs
  16 orcs
  7 endoplasms
  2 giant cockroaches
  10 goblins
  10 hobgoblins
  3 jackals (D:5)
  2 quokkas (D:1)
  4 ball pythons
  10 bats
  4 frilled lizards
  A gnoll zombie (Ossuary)
  2 goblin zombies (Ossuary)
  A jackal zombie (Ossuary)
  13 kobolds
  A kobold zombie (Ossuary)
  3 orc zombies (Ossuary)
  A rat (D:1)
  A rat zombie (Ossuary)
187 creatures vanquished.

Vanquished Creatures (others)
  A wizard (D:6)
  8 plants (D:6)
9 creatures vanquished.

Grand Total: 196 creatures vanquished

Notes
Turn   | Place    | Note
-------+----------+-------------------------------------------
     0 | D:1      | siradein the Vampire Fighter began the quest for the Orb.
     0 | D:1      | Reached XP level 1. HP: 17/17 MP: 1/1
   157 | D:1      | Reached XP level 2. HP: 21/23 MP: 2/2
   274 | D:1      | Found a faded altar of an unknown god.
   454 | D:1      | Reached skill level 1 in Dodging
   734 | D:1      | Gained mutation: You are afflicted with vampirism and can
                  | become a bat while bloodless. [Vampire growth]
   734 | D:1      | Reached XP level 3. HP: 28/28 MP: 3/3
  1700 | D:2      | Noticed Natasha
  1714 | D:2      | Killed Natasha
  1715 | D:2      | Reached XP level 4. HP: 30/35 MP: 4/4
  2233 | D:2      | Noticed Natasha
  2239 | D:2      | Killed Natasha
  2399 | D:2      | Noticed Natasha
  2409 | D:2      | Killed Natasha
  2410 | D:2      | Reached XP level 5. HP: 41/41 MP: 5/5
  2513 | D:3      | Found a snail-covered altar of Cheibriados.
  3326 | D:4      | Noticed an ogre
  3341 | D:4      | Killed an ogre
  3342 | D:4      | Reached skill level 1 in Evocations
  3342 | D:4      | Reached XP level 6. HP: 30/47 MP: 6/6
  3787 | D:4      | Reached XP level 7. HP: 40/53 MP: 7/7
  4153 | D:5      | Entered Level 5 of the Dungeon
  4191 | D:5      | Found a blossoming altar of Fedhas.
  4275 | D:5      | Reached XP level 8. HP: 40/61 MP: 8/8
  4689 | D:5      | Found a stormy altar of Qazlal.
  5260 | D:6      | Reached skill level 5 in Long Blades
  5260 | D:6      | Reached skill level 5 in Shields
  5283 | D:6      | Found a bloodstained altar of Trog.
  5286 | D:6      | Noticed a wizard
  5291 | D:6      | Killed a wizard
  5347 | D:6      | Reached skill level 5 in Fighting
  5519 | D:6      | Found a sand-covered staircase.
  5530 | Ossuary  | Entered an ossuary
  5555 | Ossuary  | Reached skill level 5 in Dodging
  5799 | D:6      | Reached XP level 9. HP: 68/68 MP: 9/9
  6279 | D:6      | Reached skill level 5 in Armour
  6328 | D:6      | HP: 2/68 [orc warrior (7)]
  6525 | D:6      | Noticed Eustachio
  6539 | D:6      | Killed Eustachio
  6577 | D:6      | Found an opulent altar of Gozag.
  7334 | D:7      | Found a sacrificial altar of Ru.
  7583 | D:7      | Reached XP level 10. HP: 70/74 MP: 10/10
  8120 | D:8      | Noticed a gargoyle
  8657 | D:8      | Noticed a gargoyle
  8787 | D:7      | HP: 1/76 [gargoyle/stone arrow (11)]
  8788 | D:7      | Killed from afar by a gargoyle

Illustrated notes

Levels and vault maps discovered:
D:1:      psy_arrival_radial02, layout_basic,
          shapermc_ecumenical_altar_flowoftime, dk_noncrumbling_2, minivault_5,
          chequers_arboretum, minmay_tetromino_l2
D:2:      layout_loops_corners, uniq_natasha
D:3:      layout_basic, cheibriados_altar_1, minivault_14
D:4:      minmay_inner_zag, layout_loops_cross, minmay_temple_entry_fiery,
          minmay_splitting_lines, minivault_4, nicolae_figureground_pulse
D:5:      layout_gridville, grunt_temple_overflow_forces_of_nature,
          hangedman_abyss_or_decor_stagger
D:6:      kennysheep_housing_project, layout_basic, trog_wizard,
          general_overflow_altar, nicolae_ossuary_entry_ruins, uniq_eustachio
D:7:      layout_basic, hangedman_ru_absence, nrook_mini_backslash, hex_medium
D:8:      cheibrodos_statue_roulette, layout_loops_ring, tgw_xom, serial_shops,
          nicolae_shop_advertising_works [nicolae_subvault_shop_adworks],
          uniq_psyche

Skill      XL: |  1  2  3  4  5  6  7  8  9 |
---------------+----------------------------+-----
Dodging        | 1 2 3 4 5 6 |  6.4
Fighting       | 3 4 5 6 |  6.1
Shields        | 3 4 5 6 |  6.2
Armour         | 3 4 5 |  5.6
Long Blades    | 3 4 5 6 |  6.4
Evocations     | 1 2 3 4 |  4.9

Action                   |  1- 3 |  4- 6 |  7- 9 | 10-12 || total
-------------------------+-------+-------+-------+-------++-------
Melee: Long sword        |   102 |    89 |   257 |       ||   448
       Bite              |    12 |    13 |    75 |    18 ||   118
       Dagger            |    13 |    31 |   107 |       ||   151
       Scimitar          |       |       |   144 |    95 ||   239
Throw: Dart              |       |    11 |    15 |       ||    26
  Use: Scroll            |       |       |    13 |       ||    13
 Stab: Distracted        |       |     1 |       |       ||     1
Armor: Scale mail        |    13 |       |       |       ||    13
       Chain mail        |    42 |       |       |       ||    42
       Ring mail         |     1 |    29 |   149 |       ||   179
       Plate armour      |       |       |    80 |    41 ||   121
Dodge: Dodged            |    45 |    52 |   277 |    36 ||   410
Block: Buckler           |    15 |    23 |   170 |    31 ||   239

Table legend: (Time is in decaauts)
 A = Elapsed time spent in this place.
 B = Non-inter-level travel time spent in this place.
 C = Inter-level travel time spent in this place.
 D = Time resting spent in this place.
 E = Time spent auto-exploring this place.
 F = Levels seen in this place.
 G = Mean time per level.
                   A        B        C        D        E       F      G
               +--------+--------+--------+--------+--------+-----+--------+
         Total |   8893 |   8371 |    522 |     67 |   5566 |   9 |  988.1 |
       Dungeon |   8663 |   8141 |    522 |     67 |   5450 |   8 | 1082.9 |
       Ossuary |    230 |    230 |      0 |      0 |    116 |   1 |  230.0 |
               +--------+--------+--------+--------+--------+-----+--------+

Top non-repeatable levels by time:
     D:6: 1865 daAuts
     D:1: 1315 daAuts
     D:4: 1174 daAuts
     D:5: 1157 daAuts
     D:2: 1137 daAuts
     D:7: 1136 daAuts
     D:3: 692 daAuts
 Ossuary: 230 daAuts
     D:8: 184 daAuts
